← All builds
Tech / Armada / Economy first / OBSERVED BUILD

Fast fusion

Armada Tech (Eco) build order · Supreme Isthmus

Standard T2 rush economy build that adds an earlier Fusion Reactor around 8:52 to scale power sooner, with units fighting only on the team's own side afterward.

Usually first T2 con to Geo (82%)

#eco #t2 · 178 distinct matches · 61 players · 6% of Armada Tech games · team won 59% of 184 · Recently observed

THE CATCH, AND WHAT COMES WITH IT
  • Fusion ReactorFusion Reactor from 8:52 · 12% of role by thenOnly 12% of Tech games have it by then; others who build it get it around 11:21

Then transitions into anti-nuke (30% of army).

HOW TO PLAY IT

Key timing: Fusion Reactor by 10:00

  1. Run the standard T2 rush opening with Bot Lab then Advanced Bot Lab.
  2. Get the Advanced Bot Lab up on the usual fast timing.
  3. Upgrade to Advanced Metal Extractor on the normal schedule.
  4. Transition into the typical Citadel anti-nuke and Armageddon nuke silo army.
  5. Push an early Fusion Reactor, well ahead of the role's usual 12:03.

Phase by phase

TYPICAL OF ITS 178 GAMES · AGAINST STANDARD TECH
  1. 1
  2. 2
  3. 3
  4. 4
  5. 5
PLAY THE OPENING

Follow the example game's first 9:52 step by step: what to build now, what comes next, and where it goes. At 1× it keeps pace with your own game.

  1. 1

    Up to the Bot Lab

    Economy
    • Metal Extractor3Mex
    • Wind Turbine4Wind
    Order
    1. Bot LabBot Lab after 3 mex, 4 winddone ~1:16, middle half 1:09–1:30

    By 0:59 in all: 3 mex · 4 wind

    The example game in this phase · 4 steps
    1. Mex ×3
    2. Wind ×5
    3. Energy storage
    4. Bot LabBot Labdone 1:38 · typical 1:16
  2. 2

    Bot Lab to Advanced Bot Lab

    Economy
    • Metal Extractor1Mex
    • Wind Turbine9Wind
    • Energy Storage1Energy storage
    Order
    1. Advanced Bot LabAdvanced Bot Lab after 4 mex, 12 wind, 3 con turretdone ~4:15, middle half 4:03–4:28
    Builders
    • Construction Turret3 Con turret
    • Lazarus4 Lazarus
    • Construction Bot2 Con bot
    • Construction Bot1 Con bot for allies

    Some games also: converter (45%)

    By 3:13 in all: 4 mex · 12 wind · 1 energy storage · 3 con turret

    The example game in this phase · 16 steps
    1. LazarusLazarus
    2. Wind
    3. Construction BotCon bot
    4. Wind
    5. Construction BotCon bot
    6. Construction BotCon botfor Air
    7. Wind
    8. Con turret
    9. Wind ×2
    10. Mex
    11. Con turret
    12. Wind ×3
    13. Converter
    14. Con turret
    15. Wind ×5
    16. Advanced Bot LabAdvanced Bot Labdone 4:26 · typical 4:15
  3. 3

    Advanced Bot Lab to 5:00

    Economy
    • Wind Turbine3Wind
    Order
    1. Bot LabEat Bot Lab
    Builders
    • Advanced Construction Bot1 T2 con bot for allies

    Some games also: converter (48%)

    By 5:00 in all: 4 mex · 17 wind · 2 converter · 1 energy storage · 3 con turret

    The example game in this phase · 9 steps
    1. Wind ×2
    2. Converter
    3. Wind
    4. Energy storage
    5. Bot LabEat Bot Labreclaimed for its metal
    6. Converter
    7. Advanced Construction BotT2 con botfor Air
    8. Converter
    9. Advanced Metal ExtractorT2 mex ×3done 5:17 · typical 5:20
  4. 4

    5:00 to Fusion Reactor

    Economy
    • Wind Turbine26Wind
    • Energy Converter4Converter+3 vs standard
    Order
    1. Fusion ReactorFusion Reactor after 4 mex, 43 wind, 7 converterdone ~10:12, middle half 9:50–10:42
    Builders
    • Butler8 Butler +3 vs standard
    • Advanced Construction Bot3 T2 con bot for allies
    • Advanced Construction Bot1 T2 con bot

    Some games also: con turret (48%)

    By 8:52 in all: 4 mex · 43 wind · 7 converter (standard 4) · 1 energy storage · 3 con turret

    The example game in this phase · 19 steps
    1. Advanced Construction BotT2 con botfor Beach sea
    2. ButlerButler ×4
    3. Advanced Metal ExtractorT2 mex
    4. ButlerButler ×2
    5. Advanced Construction BotT2 con botfor Geo sea
    6. Wind ×3
    7. Advanced Construction BotT2 con botfor Pond
    8. Wind ×6
    9. ButlerButler
    10. Wind ×3
    11. ButlerButler
    12. Wind ×3
    13. ButlerButler
    14. Wind ×4
    15. Advanced Construction BotT2 con bot
    16. Wind ×4
    17. Converter
    18. Wind ×2
    19. Fusion ReactorFusiondone 10:16 · typical 10:12
  5. 5

    Fusion Reactor to 15:00

    Economy
    • Wind Turbine86Wind−64 vs standard
    • Energy Converter48Converter
    Order
    1. Advanced Bot LabEat Advanced Bot Lab
    2. Fusion ReactorFusion after 86 wind, 18 converter, 7 con turretin 63% of games
    Builders
    • Construction Turret10 Con turret +3 vs standard

    Some games also: anti-nuke (48%) · Advanced Fusion Reactor (39%) · Aircraft Plant (38%) · metal storage (35%) · Butler (32%)

    The standard build makes here, this one skips: 6 Butler

    By 15:00 in all: 4 mex · 132 wind (standard 186) · 2 fusion · 56 converter · 1 energy storage · 1 metal storage

    The example game in this phase · 127 steps
    1. Wind ×2
    2. Converter
    3. Wind ×4
    4. Converter
    5. Wind ×4
    6. Converter
    7. Wind ×2
    8. Converter
    9. Wind ×2
    10. Converter
    11. Wind ×4
    12. Converter
    13. Wind ×2
    14. ButlerButlerfor Beach sea
    15. Wind ×2
    16. Converter
    17. ButlerButlerfor Beach sea
    18. Wind ×3
    19. Converter
    20. Wind ×3
    21. Converter
    22. Wind ×3
    23. Converter
    24. Wind ×3
    25. Converter
    26. Wind ×3
    27. Converter
    28. Wind ×4
    29. Converter
    30. Wind ×2
    31. Converter
    32. Wind ×2
    33. Con turret
    34. Wind
    35. ArmageddonArmageddondone 13:06
    36. Wind
    37. Converter
    38. TumbleweedRolling bomb
    39. GhostGhost
    40. Wind ×2
    41. Con turret
    42. Wind ×2
    43. Converter
    44. Wind ×2
    45. Con turret
    46. Converter
    47. Wind ×4
    48. Converter
    49. Con turret
    50. Wind ×3
    51. Converter
    52. Wind ×2
    53. Con turret
    54. Wind
    55. GhostGhost
    56. Converter
    57. Wind ×3
    58. Converter
    59. Wind ×3
    60. GhostGhost
    61. Converter
    62. Wind ×3
    63. GhostGhost
    64. Converter
    65. Wind ×4
    66. Converter
    67. Wind ×2
    68. Converter
    69. Wind ×2
    70. Converter
    71. Wind ×4
    72. Converter
    73. Wind ×4
    74. Converter
    75. Wind ×2
    76. Converter
    77. Wind ×4
    78. Converter
    79. Advanced Bot LabEat Advanced Bot Labreclaimed for its metal
    80. Wind ×3
    81. Converter
    82. Wind ×3
    83. Converter
    84. Wind ×3
    85. Converter
    86. Wind ×2
    87. Converter
    88. Wind ×4
    89. Converter
    90. Wind ×3
    91. Converter
    92. Wind ×3
    93. Converter
    94. Wind ×3
    95. Converter
    96. Fusion ReactorFusion
    97. Con turret
    98. Wind ×2
    99. Converter
    100. Wind ×2
    101. Con turret
    102. Wind ×9
    103. Converter
    104. Wind ×3
    105. Converter
    106. Wind ×2
    107. Con turret
    108. Wind ×2
    109. Converter
    110. Wind ×3
    111. Converter
    112. Wind ×4
    113. Con turret
    114. Wind ×2
    115. Converter
    116. Wind ×2
    117. Converter
    118. Wind ×2
    119. Con turret
    120. Wind ×2
    121. Converter
    122. Wind ×2
    123. Converter
    124. Wind ×3
    125. Converter
    126. Wind ×2
    127. Con turret

Counts are medians over the build's games: half of them build more, half fewer. The example game is kiramako's (33 OS, 27/08/2026); pick another.

Team trades

IN AT LEAST 30% OF ITS GAMES

You hand over

  • Construction Bot1 Con bot to Airfirst at 2:22 · in 84% of games
  • Advanced Construction Bot5 T2 con bot to Air or Pond or Beach seafirst at 4:47 · in 100% of games

You get

  • Hercules1 Light transport from Airfirst at 3:55 · in 85% of games

How it plays out

Typical game of this build against the role’s standard build, running totals by minute

  • This build
  • Standard tech

Metal produced

020k40k
0:005:0010:0015:00

metal

Enemy metal destroyed

050100150
0:005:0010:0015:00

metal

Own metal lost

050100150
0:005:0010:0015:00

metal

184 games.

Show as table
ByMetal produced: This buildMetal produced: Standard techEnemy metal destroyed: This buildEnemy metal destroyed: Standard techOwn metal lost: This buildOwn metal lost: Standard tech
1:003843830000
2:009179150000
3:00168816520000
4:00319731440000
5:00487948480000
6:00595858020000
7:00767472320000
8:00975890640000
9:0012179111770000
10:0015809135130000
11:0019815162420000
12:0023416196560000
13:0027140234260000
14:00309572728600074
15:003590631503011075130
WHAT THE NUMBERS SAY

Won more often than the standard build and pulled well ahead on metal production with almost no combat losses either way.

  • + Metal production at 15:00 reaches 36430 vs 31668 standard.
  • + Won more often than the standard build (60% vs 53%).
  • − Enemy metal destroyed by 15:00 is lower than standard (39 vs 266).
  • − Fusion push is purely economic, offering no early combat payoff.
THE EXAMPLE YOU ARE READING

kiramako

32.6 OS · 27/08/2026

Open source match ↗

5 received units · includes a constructor
1407 metal received · 52387 energy received

Allied construction assistance is unknown. Timings are observations, not a promise of solo reproducibility.

Typical milestones

Bot Lab1:16Middle 50%: 1:09–1:30 · n=184
Advanced Bot Lab4:15Middle 50%: 4:03–4:28 · n=184
Advanced Metal Extractor5:20Middle 50%: 5:00–5:40 · n=184
Fusion Reactor10:12Middle 50%: 9:50–10:42 · n=171

Played most by

Teaner31games of this buildKOT_11games of this buildSyphos11games of this build[Grump]Grumpiness9games of this buildhaaven8games of this build